Map: Vallée des cactus EC

Players

AgCl

  • Race: Protoss Protoss
  • League: Grandmaster

Fractal - Winner!

  • Race: Zerg Zerg
  • League: Grandmaster

VOD

Have the link to the VOD?

Description

Time

  • Played on: July 12, 2015, 5 p.m.
  • Length: 12:22
Show
View Real Time Build Order
Export as new Build Order

AgCl Protoss 

Build Orders: Oracle Opening, Carrier Rush 

Get SALT Encoding   

  12  0:03  Probe  
  13  0:22  Probe, Pylon  
  14  0:40  Probe  
  15  0:47  Gateway  
  15  0:52  Probe  
  17  1:04  Probe, Assimilator  
  17  1:16  Probe (Chrono Boost)  
  18  1:26  Pylon  
  18  1:28  Probe (Chrono Boost)  
  19  1:35  Zealot (Chrono Boost)  
  19  1:37  Probe (Chrono Boost)  
  22  1:45  Probe (Chrono Boost)  
  23  1:47  Cybernetics Core  
  23  1:55  Assimilator  
  23  1:57  Probe (Chrono Boost)  
  24  2:06  Probe (Chrono Boost)  
  25  2:14  Probe (Chrono Boost)  
  26  2:21  Nexus  
  26  2:26  Probe (Chrono Boost)  
  27  2:33  Probe (Chrono Boost)  
  28  2:43  Probe (Chrono Boost)  
  27  2:51  Stargate  
  27  2:54  Warp Gate  
  27  2:56  Probe (Chrono Boost)  
  28  3:03  Mothership Core (Chrono Boost)  
  30  3:10  Pylon  
  30  3:15  Pylon  
  30  3:19  Assimilator  
  30  3:21  Pylon  
  30  3:32  Probe, Adept (Chrono Boost)  
  33  3:34  Probe  
  33  3:36  Oracle  
  37  3:46  Probe (Chrono Boost)  
  39  3:48  Probe (Chrono Boost)  
  40  3:57  Probe (Chrono Boost)  
  40  4:00  Probe (Chrono Boost)  
  41  4:03  Probe  
  41  4:05  Fleet Beacon  
  41  4:09  Probe (Chrono Boost)  
  44  4:18  Pylon  
  44  4:20  Probe (Chrono Boost)  
  44  4:21  Probe (Chrono Boost)  
  45  4:26  Assimilator  
  45  4:29  Probe (Chrono Boost)  
  47  4:32  Probe (Chrono Boost)  
  47  4:33  Carrier (Chrono Boost)  
  47  4:39  Probe (Chrono Boost)  
  47  4:44  Probe  
  49  4:51  Probe  
  50  4:53  Protoss Air Weapons Level 1 (Chrono Boost)  
  50  4:56  Probe  
  57  5:02  Graviton Catapult  
  57  5:03  Probe  
  58  5:08  Probe  
  59  5:15  Probe  
  59  5:19  Gateway  
  59  5:20  Probe  
  61  5:22  Pylon  
  61  5:28  Stargate  
  61  5:30  Carrier (Chrono Boost)  
  61  5:32  Gateway  
  61  5:34  Pylon  
  67  5:53  Carrier (Chrono Boost)  
  67  6:09  Pylon  
  67  6:11  Gateway  
  67  6:13  Gateway  
  73  6:26  Gateway, Forge  
  73  6:27  Carrier (Chrono Boost)  
  73  6:28  Adept x2  
  83  6:42  Adept  
  83  6:44  Carrier (Chrono Boost)  
  87  7:19  Adept x2  
  91  7:29  Carrier (Chrono Boost)  
  67  7:46  Adept x4  
  67  7:48  Adept  
  67  7:49  Probe  
  78  7:55  Probe  
  85  8:07  Adept x3  
  91  8:29  Carrier (Chrono Boost)  
  91  8:30  Probe  
  92  8:39  Gateway  
  92  8:41  Twilight Council  
  92  8:44  Pylon  
  82  8:49  Carrier (Chrono Boost)  
  82  8:50  Adept x4  
  82  9:10  Adept  
  82  9:15  Gateway  
  84  9:17  Pylon  
  84  9:18  Adept  
  84  9:19  Adept x2  
  86  9:29  Carrier (Chrono Boost)  
  86  9:42  Forge  
  86  9:45  Protoss Ground Weapons Level 1 (Chrono Boost)  
  92  9:49  Stalker x2  
  96  9:54  Adept x2  
  74  10:20  Adept x4  
  82  10:23  Shield Upgrade  
  74  10:31  Carrier (Chrono Boost)  
  74  10:32  Carrier (Chrono Boost)  
  80  11:29  Pylon  
  80  11:32  Zealot x4  
  86  11:35  Probe  
  86  11:36  Cybernetics Core  
  52  11:50  Zealot x3  
  63  11:59  Probe  
Show
View Real Time Build Order
Export as new Build Order

Fractal Zerg - Winner!

Build Orders: Hatch First 

Get SALT Encoding   

  12  0:01  Drone  
  13  0:08  Drone  
  14  0:17  Overlord  
  14  0:23  Extractor  
  14  0:24  Drone  
  15  0:47  Hatchery  
  14  0:50  Drone  
  14  0:53  Drone  
  16  1:11  Spawning Pool  
  16  1:13  Extractor  
  16  1:15  Drone  
  15  1:20  Drone  
  16  1:27  Drone  
  16  1:31  Drone  
  19  1:53  Hatchery  
  18  1:59  Zergling x2  
  18  2:01  Queen  
  19  2:06  Drone  
  22  2:10  Drone  
  22  2:11  Drone  
  24  2:16  Overlord  
  24  2:25  Zergling x2  
  23  2:42  Zergling x2  
  24  2:54  Queen  
  24  2:55  Queen  
  24  2:56  Drone  
  24  2:57  Drone x4  
  33  3:04  Overlord  
  33  3:06  Drone  
  34  3:13  Drone  
  34  3:14  Drone  
  36  3:20  Drone  
  36  3:26  Drone  
  38  3:27  Drone x2  
  38  3:28  Queen  
  38  3:29  Overlord  
  38  3:33  Extractor  
  38  3:34  Drone x2, Extractor  
  42  3:43  Drone x2  
  42  3:46  Overlord  
  42  3:47  Drone x2  
  46  3:53  Queen  
  47  3:59  Queen  
  49  4:10  Extractor  
  49  4:16  Drone x2  
  49  4:17  Drone x3  
  52  4:19  Drone x3  
  52  4:21  Drone x3  
  58  4:42  Metabolic Boost  
  58  4:44  Drone x6  
  64  4:59  Drone x2  
  66  5:00  Overlord x4  
  66  5:05  Evolution Chamber, Drone  
  66  5:07  Evolution Chamber, Drone  
  65  5:08  Overlord  
  65  5:13  Lair  
  66  5:16  Overlord  
  66  5:21  Drone x2  
  68  5:23  Extractor  
  68  5:26  Zergling x2  
  68  5:27  Zergling x22  
  79  5:32  Zerg Melee Weapons Level 1  
  79  5:33  Zerg Ground Armor Level 1  
  79  5:36  Queen  
  79  5:40  Queen  
  83  5:47  Drone x3  
  83  5:48  Drone x2, Extractor  
  87  5:53  Drone  
  88  6:09  Drone x2  
  88  6:10  Drone x2  
  92  6:12  Queen  
  92  6:13  Overseer  
  92  6:16  Infestation Pit, Queen  
  95  6:19  Drone x2  
  95  6:20  Drone  
  95  6:21  Roach Warren, Hydralisk Den  
  96  6:26  Overlord  
  96  6:38  Overseer  
  96  6:42  Overlord  
  96  6:46  Queen  
  98  6:48  Queen  
  98  6:51  Queen  
  101  6:58  Muscular Augments  
  101  6:59  Hatchery  
  100  7:01  Pathogen Glands  
  91  7:35  Queen x3  
  95  7:38  Zergling x6  
  95  7:39  Zergling x2  
  97  7:45  Hydralisk  
  97  7:46  Hydralisk x12  
  114  8:11  Queen  
  112  8:13  Zergling x2  
  112  8:15  Hydralisk x8  
  112  8:16  Hydralisk  
  125  8:20  Hydralisk  
  121  8:29  Overlord x5  
  120  8:35  Queen  
  120  8:38  Queen x2  
  117  8:46  Hydralisk x4, Queen  
  117  8:47  Hydralisk x3  
  115  8:53  Overlord  
  105  9:10  Zergling x14  
  105  9:11  Queen  
  105  9:13  Queen  
  106  9:21  Overlord  
  102  9:29  Overlord  
  101  9:31  Zergling x2  
  101  9:32  Zergling x16  
  97  9:47  Overlord  
  97  9:49  Zergling x10  
  97  9:50  Zergling x2  
  87  10:03  Zergling x2  
  87  10:04  Zergling x10  
  85  10:09  Drone  
  78  10:23  Zergling x8  
  78  10:24  Queen x2  
  78  10:27  Queen  
  88  10:34  Drone x3  
  86  10:52  Hydralisk  
  86  10:53  Hydralisk x7  
  94  10:59  Queen  
  96  11:10  Hydralisk x5  
  102  11:13  Queen  
  102  11:19  Spore Crawler  
  102  11:21  Hydralisk  
  102  11:22  Hydralisk  
  95  11:31  Hydralisk x2  
  93  11:39  Overlord  
  89  11:40  Hydralisk x2  
  93  11:49  Hydralisk x2  
  95  11:56  Hydralisk x2  
Tags
 
Add a new tag
Caveats
  • Supply blocks, unpowered buildings, or Contaminate may cause inaccurate times.
  • Supply counts are checked every 10 seconds.